 Dungeon Crawl Stone Soup version 0.31-a0-835-g2a3a5bc3be (webtiles) character file.

Game seed: 35575727821675292

39 12345 the Shooter (level 3, 3/21 HPs)
             Began as a Deep Elf Hunter on Sept 26, 2023.
             Quit the game on level 1 of the Dungeon.
             The game lasted 00:03:17 (656 turns).

12345 the Shooter (Deep Elf Hunter)                  Turns: 656, Time: 00:03:18

Health: 3/21       AC:  6    Str:  8    XL:     3   Next: 26%
Magic:  5/5        EV: 13    Int: 13    God:
Gold:   67         SH:  0    Dex: 20    Spells: 2/2 levels left

rFire   . . .        b - +2 dagger (drain)
rCold   . . .        (no shield)
rNeg    . . .        c - +0 leather armour
rPois   .            h - +2 helmet {SInv}
rElec   .            (no cloak)
rCorr   .            (no gloves)
SInv    +            (no boots)
Will    .....        (no amulet)
Stlth   ++           (no ring)
HPRegen 0.23/turn    (no ring)
MPRegen 0.09/turn

%: no passive effects
@: lethally poisoned (3 -> -5)
A: no striking features
a: no special abilities


You were on level 1 of the Dungeon.
You visited 1 branch of the dungeon, and saw 2 of its levels.

You collected 67 gold pieces.

Inventory:

Hand Weapons
 a - a +0 shortbow
 b - a +2 dagger of draining (weapon)
Missiles
 g - 2 poisoned darts
Armour
 c - a +0 leather armour (worn)
 h - a +2 helmet of see invisible (worn)
Scrolls
 e - 3 scrolls of identify
 f - a scroll of revelation {unknown}
 i - a scroll of butterflies
Potions
 d - 3 potions of brilliance


   Skills:
 + Level 1.9 Fighting
 + Level 0.1 Short Blades
 * Level 5.9 Ranged Weapons
 + Level 3.0 Dodging
 + Level 2.1 Stealth


You had 2 spell levels left.
You didn't know any spells.
Your spell library was empty.

Dungeon Overview and Level Annotations

Branches:
Dungeon (2/15)

Altars:

Shops:
D:1 ***


Message History

You start resting.
A worm is nearby!
You shoot an arrow. The arrow barely misses the worm.
You shoot an arrow. The arrow hits the worm.
The worm is moderately wounded.
You shoot an arrow. The arrow hits the worm.
The worm is moderately wounded.
You shoot an arrow. The arrow hits the worm!
The worm is severely wounded.
You shoot an arrow. The arrow hits the worm.
The worm is almost dead.
You shoot an arrow. The arrow hits the worm.
You kill the worm!
No target in view!
There is an escape hatch in the floor here.
There is an entrance to Roann's General Store here.
There is a stone staircase leading down here.
You climb downwards.
The adder bites you. The worm bites you! The adder closely misses you.
There is a stone staircase leading up, spattered with blood here.
The adder barely misses you.
You climb upwards.
There is a stone staircase leading down here.
Unknown command.
You sense an unholy aura.
b - a +2 dagger of draining (weapon)
The adder misses you.
You barely miss the adder. The adder bites you but does no damage.
The adder attacks as it pursues you! The adder bites you.
You are poisoned.
The adder poisons you!
You feel sick. The adder attacks as it pursues you! The adder bites you.
* * * LOW HITPOINT WARNING * * *
You are lethally poisoned!
The adder poisons you! The adder bites you but does no damage.
* * * LOW HITPOINT WARNING * * *
You feel very sick.
Okay, then.
Unknown command.
Are you sure you want to abandon this character and quit the game? (Confirm with "yes".)

......##.........##.#..####.# #.
..######.........##..8.8#...# ##.
..#..'.#.........#....∩....####..
..#..#'#.........#...8.8.........
>###'#<#.........#...#...####.###
.#...####'########...##.......# #
.#...'......#..#.....##.#.....# #
.#...#......#...#....##∩#.....###
.#####..8...#...@....#..#.......#
#....#......#..S.....#.##....##..
#....#......#..w.....#.##########
#....#####'##....##.(....# #
#...........>...###......# #
##...................)...# #
##............####.[....# #
####.###.####..# #......# #
.....# #.###..## #......###### #


You could see a worm and an adder.

Vanquished Creatures
  A worm (D:1)
  An endoplasm (D:1)
  2 giant cockroaches (D:1)
  4 hobgoblins (D:1)
  7 jackals
  3 quokkas (D:1)
  5 ball pythons (D:1)
  4 bats
  A frilled lizard (D:1)
  A goblin (D:1)
  2 kobolds (D:1)
  A rat (D:1)
32 creatures vanquished.

Notes
Turn   | Place    | Note
-------+----------+-------------------------------------------
     0 | D:1      | 12345 the Deep Elf Hunter began the quest for the Orb.
     0 | D:1      | Reached XP level 1. HP: 12/12 MP: 3/3
    40 | D:1      | Found a faded altar of an unknown god.
    41 | D:1      | Found Beasav's Assorted Antiques.
    76 | D:1      | Found Roann's General Store.
    98 | D:1      | Found Hailath's Assorted Antiques.
   170 | D:1      | Reached XP level 2. HP: 17/17 MP: 4/4
   317 | D:1      | Reached XP level 3. HP: 19/21 MP: 5/5
   656 | D:1      | Quit the game

Illustrated notes

Levels and vault maps discovered:
D:1:      evilmike_arrival_fibonacci_small, layout_rooms,
          dreamdust_ecumenical_altar_grove, serial_shops,
          nicolae_shop_tiny_statue_garden, shop, shop, st_stairs_9
D:2:      layout_basic

Skill      XL: |  1  2  3 |
---------------+----------+-----
Stealth        | 2 |  2.1
Dodging        | 3 |  3.0
Fighting       | |  1.9
Short Blades   | |  0.1
Ranged Weapons | |  5.9

Action                     || total
---------------------------++-------
  Melee: Dagger            ||     2
   Fire: Shortbow          ||    77
    Use: Scroll            ||     1
 Armour: Leather armour    ||    38
  Dodge: Dodged            ||    27

Table legend: (Time is in decaauts)
 A = Elapsed time spent in this place.
 B = Non-inter-level travel time spent in this place.
 C = Inter-level travel time spent in this place.
 D = Time resting spent in this place.
 E = Time spent auto-exploring this place.
 F = Levels seen in this place.
 G = Mean time per level.
                   A        B        C        D        E       F      G
               +--------+--------+--------+--------+--------+-----+--------+
         Total |    668 |    566 |    102 |     16 |    290 |   2 |  334.0 |
       Dungeon |    668 |    566 |    102 |     16 |    290 |   2 |  334.0 |
               +--------+--------+--------+--------+--------+-----+--------+

Top non-repeatable levels by time:
     D:1: 655 daAuts
     D:2: 12 daAuts
